 Dungeon Crawl Stone Soup version 0.23.0-3-gf3c87f2 (webtiles) character file.

Game seed: 4833205226297994246

3057 sking99 the Martial Artist (level 9, -2/79 HPs)
             Began as a Yellow Draconian Transmuter on Feb 24, 2019.
             Was a Priest of Wu Jian.
             Slain by a hornet (16 damage)
             ... on level 8 of the Dungeon.
             The game lasted 00:23:08 (10142 turns).

sking99 the Martial Artist (DrTm)                  Turns: 10142, Time: 00:23:09

Health: -2/79      AC: 10    Str: 12    XL:     9   Next: 57%
Magic:  12/12      EV: 13    Int: 16    God:    Wu Jian [***...]
Gold:   394        SH:  0    Dex: 13    Spells: 4/12 levels left

rFire    . . .     SeeInvis .     - Unarmed
rCold    . . .     Gourm    +   (no shield)
rNeg     . . .     Faith    .   (armour unavailable)
rPois    .         Spirit   .   (helmet restricted)
rElec    .         Reflect  .   b - scarf {cloud immunity}
rCorr    .         Harm     .   g - +0 pair of gloves (curse)
MR       .....                  j - +1 pair of boots
Stlth    +.........             n - amulet of the gourmand
HPRegen  0.23/turn              (no ring)
MPRegen  0.13/turn              (no ring)

@: exhausted, short of breath, slowed, heavily drained, very slow
A: spit acid, unfitting armour, cold-blooded, AC +7
a: Breathe Acid, Wall Jump, Serpent's Lash, Renounce Religion


You were on level 8 of the Dungeon.
You worshipped Wu Jian.
Wu Jian was most pleased with you.
You were completely stuffed.

You visited 1 branch of the dungeon, and saw 8 of its levels.

You collected 394 gold pieces.

Inventory:

Missiles
 v - 68 arrows (quivered)
Armour
 b - a scarf of cloud immunity (worn)
 g - a cursed +0 pair of gloves (worn)
 j - a +1 pair of boots (worn)
Jewellery
 n - an amulet of the gourmand (around neck)
 y - an uncursed ring of positive energy
Wands
 o - a wand of random effects (30)
 q - a wand of enslavement (10)
Scrolls
 a - a scroll of fear
 d - 4 scrolls of identify
 f - 2 scrolls of amnesia
 h - 2 scrolls of enchant armour
 i - a scroll of fog
 k - a scroll of enchant weapon
 s - 4 scrolls of teleportation
 x - a scroll of blinking
Potions
 e - 2 potions of resistance
 l - a potion of might {unknown}
 m - 2 potions of lignification
 r - 5 potions of curing
 t - a potion of magic
 u - a potion of berserk rage
 w - 2 potions of flight
 z - a potion of mutation {unknown}
Comestibles
 c - 13 rations


   Skills:
 + Level 7.0(5.2) Fighting
 - Level 4.0(2.4) Dodging
 * Level 9.7(7.7) Unarmed Combat
 - Level 2.0(0.4) Spellcasting
 + Level 6.5(4.7) Transmutations


You had 4 spell levels left.
You knew the following spells:

 Your Spells              Type           Power        Failure   Level  Hunger
a - Beastly Appendage     Tmut           ###...       3%          1    ##.....
b - Sticks to Snakes      Tmut           ###.....     5%          2    ###....
c - Blade Hands           Tmut           ###.......   67%         5    ######.

Your spell library contained the following spells:

 Spells                   Type           Power        Failure   Level  Hunger
 Confusing Touch          Hex            #.....       24%         1    ##.....
 Corona                   Hex            #......      24%         1    ##.....
 Spider Form              Tmut/Pois      #.........   28%         3    ####...
 Ensorcelled Hibernation  Hex/Ice        #.....       36%         2    ###....
 Confuse                  Hex            #.......     58%         3    ####...
 Dazzling Spray           Conj/Hex       #.....       58%         3    ####...
 Gell's Gravitas          Tloc           #.........   58%         3    ####...
 Tukima's Dance           Hex            #.......     58%         3    ####...
 Ice Form                 Ice/Tmut       #.......     67%         4    #####..
 Petrify                  Tmut/Erth      #.......     67%         4    #####..
 Yara's Violent Unravell  Hex/Tmut       #.........   95%         5    ######.
 Metabolic Englaciation   Hex/Ice        #.........   100%        5    ######.


Dungeon Overview and Level Annotations

Branches:
Dungeon (8/15)             Temple (0/1) D:7
   Lair: D:8-11

Altars:
Cheibriados
Elyvilon
Okawaru
Qazlal
Trog
Wu Jian
Xom
Yredelemnul
Zin
The Shining One

Shops:
D:5 **

Annotations:
D:6 3 runed translucent doors, Torikoriko's ghost, amateur DEWz


Innate Abilities, Weirdness & Mutations

You can spit globs of acid.
Your golden yellow scales are hard. (AC +7)
You cannot fit into any form of body armour.
You are cold-blooded and may be slowed by cold attacks.


Message History

* * * LOW HITPOINT WARNING * * *
You are more poisoned.
You feel as though you will be slow longer.
Press: ? - help, Shift-Dir - straight line, f - hornet
Aim: a hornet You spit a glob of acid.
The glob of acid hits the hornet.
The hornet is splashed with acid.
The acid corrodes the hornet!
The hornet is moderately wounded.
The hornet is splashed with acid.
You feel somewhat less full.
* * * LOW HITPOINT WARNING * * *
You feel very sick.
The hornet stings you but does no damage.
The hornet closely misses you.
You feel better. The hornet barely misses you. The hornet closely misses you.
The hornet stings you!
* * * LOW HITPOINT WARNING * * *
You are poisoned.
You feel as though you will be slow longer.
You feel better. The hornet stings you!
You die...

......# #......#
.......# .......#
##......(# .)####
#.....>%.#
.....##.#......#
#.....######
##<.#...y@.##
####(#######<.###
##....### #......#
###..#.........###.###
###.>....#####.##
#...########
.[....#### #.
#..........# .##.### .
#..........# ....# #
#.....(....# ..###
###.########


You could see a hornet.

Vanquished Creatures
  A hippogriff (D:7)
  Menkaure (D:5)
  A water moccasin (D:5)
  An orc warrior (D:6)
  A sky beast (D:7)
  An ice beast (D:6)
  A centaur (D:7)
  A phantom (D:4)
  3 ogres
  A crocodile (D:8)
  A big kobold (D:6)
  2 bullfrogs
  2 scorpions
  A water moccasin skeleton (D:6)
  3 killer bees (D:7)
  13 wights
  A crimson imp (D:5)
  A hound (D:8)
  A bullfrog zombie (D:6)
  3 jellies
  A quasit (D:8)
  Ijyb (D:5)
  An orc wizard (D:6)
  An iguana (D:6)
  4 worker ants
  A mummy (D:4)
  A worker ant zombie (D:5)
  Robin (D:2)
  7 adders
  2 shadow imps
  3 oozes
  An adder skeleton (D:4)
  An adder zombie (D:7)
  4 worms
  2 dart slugs
  5 leopard geckos
  17 orcs
  3 ball pythons
  5 giant cockroaches
  15 goblins
  8 hobgoblins
  2 jackals (D:3)
  7 kobolds
  3 quokkas
  6 bats
  7 frilled lizards
  2 hobgoblin zombies (D:4)
  A kobold zombie (D:4)
  A leopard gecko zombie (D:7)
  An orc zombie (D:4)
  15 rats
169 creatures vanquished.

Vanquished Creatures (collateral kills)
  Edmund (D:4)
  A phantom (D:4)
  An ogre (D:6)
  3 orcs (D:4)
6 creatures vanquished.

Grand Total: 175 creatures vanquished

Notes
Turn   | Place    | Note
-------+----------+-------------------------------------------
     0 | D:1      | sking99 the Draconian Transmuter began the quest for the
                  | Orb.
     0 | D:1      | Reached XP level 1. HP: 16/16 MP: 3/3
   213 | D:1      | Reached XP level 2. HP: 19/23 MP: 3/5
   220 | D:1      | Learned a level 2 spell: Sticks to Snakes
   660 | D:1      | Reached XP level 3. HP: 24/29 MP: 4/6
   727 | D:1      | Learned a level 3 spell: Spider Form
  1761 | D:2      | Reached skill level 4 in Unarmed Combat
  1855 | D:2      | Found a snail-covered altar of Cheibriados.
  1864 | D:2      | Reached XP level 4. HP: 33/36 MP: 7/7
  2005 | D:2      | Noticed Robin
  2025 | D:2      | Killed Robin
  2346 | D:2      | Found a basalt altar of Yredelemnul.
  2348 | D:2      | Noticed a profane servitor
  2369 | D:2      | Found a glowing golden altar of the Shining One.
  2582 | D:2      | Found an ornate altar of the Wu Jian Council.
  2679 | D:2      | Noticed an angel
  2770 | D:2      | Became a worshipper of the Wu Jian Council
  2906 | D:3      | Found a shimmering altar of Xom.
  2907 | D:3      | Found a stormy altar of Qazlal.
  2909 | D:3      | Found a glowing silver altar of Zin.
  3341 | D:3      | Reached XP level 5. HP: 41/42 MP: 6/8
  3635 | D:4      | Noticed a phantom
  3710 | D:4      | Noticed a phantom
  3759 | D:4      | Killed a phantom
  3918 | D:4      | Reached XP level 6. HP: 41/51 MP: 9/9
  4126 | D:4      | Reached * piety under Wu Jian
  4126 | D:4      | Reached skill level 5 in Unarmed Combat
  4154 | D:4      | Noticed Edmund
  4189 | D:4      | Killed Edmund
  5233 | D:5      | Entered Level 5 of the Dungeon
  5233 | D:5      | Noticed Ijyb
  5259 | D:5      | Killed Ijyb
  5259 | D:5      | Your scales start taking on a golden yellow colour.
  5259 | D:5      | Reached XP level 7. HP: 58/58 MP: 10/10
  5291 | D:5      | Noticed Menkaure
  5318 | D:5      | Killed Menkaure
  5630 | D:5      | Reached skill level 6 in Unarmed Combat
  5913 | D:5      | Found Ijogueg's Assorted Antiques.
  6039 | D:5      | Found Xaheulu's Serpentskin Sales.
  6390 | D:6      | Found a runed translucent gate.
  6390 | D:6      | Found a runed translucent gate.
  6391 | D:6      | Found a runed translucent gate.
  6391 | D:6      | Noticed Torikoriko's ghost (amateur DEWz)
  6391 | D:6      | Noticed a fire crab
  6432 | D:6      | Learned a level 5 spell: Blade Hands
  6466 | D:6      | Reached XP level 8. HP: 66/67 MP: 11/11
  6597 | D:6      | Reached ** piety under Wu Jian
  6597 | D:6      | Reached skill level 7 in Unarmed Combat
  6790 | D:6      | Reached skill level 5 in Fighting
  6847 | D:6      | Found a white marble altar of Elyvilon.
  6856 | D:6      | Found an iron altar of Okawaru.
  7113 | D:6      | Reached skill level 5 in Transmutations
  7181 | D:6      | Reached skill level 8 in Unarmed Combat
  7461 | D:6      | Found a bloodstained altar of Trog.
  7560 | D:6      | Noticed an elephant
  7577 | D:6      | Noticed a salamander
  7629 | D:6      | Noticed a cyclops
  7629 | D:6      | a cyclops changed into a floating eye
  7630 | D:6      | Noticed a manticore
  7630 | D:6      | a floating eye changed into a manticore
  7760 | D:6      | Noticed a harpy
  7917 | D:7      | Reached XP level 9. HP: 36/75 MP: 12/12
  8173 | D:7      | Found a staircase to the Ecumenical Temple.
  8455 | D:7      | Reached skill level 9 in Unarmed Combat
  8465 | D:7      | Reached *** piety under Wu Jian
  8626 | D:7      | Found a shimmering altar of Xom.
 10131 | D:8      | Paralysed by a hornet for 2 turns
 10142 | D:8      | Slain by a hornet

Skill      XL: |  1  2  3  4  5  6  7  8  9 |
---------------+----------------------------+-----
Dodging        | 2 3 4 |  4.0
Fighting       | 2 3 4 6 7 |  7.0
Unarmed Combat | 4 5 6 8 9 |  9.7
Transmutations | 3 4 5 6 |  6.5
Spellcasting   | |  2.0

Action                   |  1- 3 |  4- 6 |  7- 9 || total
-------------------------+-------+-------+-------++-------
Melee: Unarmed           |   134 |   327 |   435 ||   896
       Tailslap          |    14 |    39 |    58 ||   111
       Kick              |     4 |       |       ||     4
       Headbutt          |     4 |    24 |     8 ||    36
       Punch             |     1 |     7 |    18 ||    26
 Cast: Beastly Appendage |     7 |    12 |     5 ||    24
       Sticks to Snakes  |     1 |    11 |     3 ||    15
Invok: Lunge             |       |    22 |    41 ||    63
       Whirlwind         |       |     6 |    17 ||    23
       Serpent's Lash    |       |       |     1 ||     1
 Abil: Breathe Acid      |       |       |    13 ||    13
  Use: Scroll            |       |       |    18 ||    18
       Potion            |       |       |     5 ||     5
 Stab: Sleeping          |       |     2 |     1 ||     3
       Distracted        |       |     1 |       ||     1
  Eat: Chunk             |     3 |     9 |    25 ||    37
       Ration            |       |     1 |     1 ||     2
Armor: Skin              |    51 |    85 |   115 ||   251
Dodge: Dodged            |   102 |   192 |   200 ||   494
